[Event "Early-Titled-Tuesday-Blitz-May-28-2024"]
[Site "Chess.com"]
[Date "2024.05.28"]
[Round "6"]
[White "WolfBaoBaoLang"]
[Black "Sondremelaa"]
[Result "0-1"]
[WhiteElo "2090"]
[BlackElo "2581"]
[TimeControl "180+1"]
[EndTime "9:05:12 PDT"]
[Termination "Sondremelaa won by checkmate"]

1. e4 e5 2. Nc3 Nf6 3. f4 d5 4. fxe5 Nxe4 5. Qf3 Nxc3 6. dxc3 c5 7. Bf4 Nc6 8. O-O-O Be6 9. h4 Qa5 10. a3 O-O-O 11. Nh3 h6 12. g3 Be7 13. Bg2 Rd7 14. Nf2 d4 15. Ne4 Bd5 16. Bh3 Be6 17. Bxe6 fxe6 18.
Nd6+ Kb8 19. cxd4 cxd4 20. Qg4 Qd5 21. Qxg7 Rhd8 22. Qxh6 Bxd6 23. exd6 e5 24. Bg5 Rxd6 25. Qh7 Rc8 26. h5 e4 27. Bf4 Ne5 28. Bxe5 Qxe5 29. h6 d3 30. c3 Rxc3+ 31. Kd2 Rc2+ 32. Ke3 Re2# 0-1

[Event "Early-Titled-Tuesday-Blitz-May-28-2024"]
[Site "Chess.com"]
[Date "2024.05.28"]
[Round "6"]
[White "Msb2"]
[Black "mr_gustavo"]
[Result "1-0"]
[WhiteElo "3041"]
[BlackElo "2725"]
[TimeControl "180+1"]
[EndTime "9:05:16 PDT"]
[Termination "Msb2 won by resignation"]

1. d4 Nf6 2. c4 e6 3. Nc3 Bb4 4.
e3 O-O 5. Bd2 d5 6. Nf3 b6 7.
cxd5 exd5 8. Rc1 Bb7 9. Bd3 Be7 10. O-O c5 11. Ne5 Nc6 12. a3 Bd6 13. Ng4 Ne8 14.
f4 f5 15. Ne5 Nf6 16. Bxf5 cxd4 17. Be6+ Kh8 18. Nxc6 Bxc6 19. exd4 b5 20. f5 Qb6 21. Ne2 Ne4 22. Bf4 Rae8 23. Bxd6 Nxd6 24. Nf4 Nxf5 25.
Qh5 Qxd4+ 26. Kh1 Nh6 27. Rxc6 Qe3 28. h3 d4 29. Rd6 Rb8 30. Qf3 Qe4 31. Qxe4 1-0

[Event "Early-Titled-Tuesday-Blitz-May-28-2024"]
[Site "Chess.com"]
[Date "2024.05.28"]
[Round "6"]
[White "SuperGPatzer"]
[Black "Fore_Man"]
[Result "1-0"]
[WhiteElo "2080"]
[BlackElo "2231"]
[TimeControl "180+1"]
[EndTime "9:05:25 PDT"]
[Termination "SuperGPatzer won by resignation"]

1. g4 d5 2. h3 e5 3. d4 e4 4. c4 c6 5. Nc3 h5 6. g5 Ne7 7. h4 Nf5 8. Bf4 dxc4 9. e3 Bd6 10. Nge2 b5 11. Nxe4 Bxf4 12. Nxf4 Nd7 13. a4 Nb6 14. axb5 cxb5 15. Bh3 Nd5 16. Qf3 Nfe7 17. Bxc8 Qxc8 18. Nd6+ 1-0

[Event "Early-Titled-Tuesday-Blitz-May-28-2024"]
[Site "Chess.com"]
[Date "2024.05.28"]
[Round "6"]
[White "Preobrazhenska_D2011"]
[Black "Lion-Al-Messi"]
[Result "1-0"]
[WhiteElo "2526"]
[BlackElo "2630"]
[TimeControl "180+1"]
[EndTime "9:05:29 PDT"]
[Termination "Preobrazhenska_D2011 won by resignation"]

1. e4 e6 2. d4 d5 3. Nc3 Nf6 4. Bg5 dxe4 5. Nxe4 Be7 6. Nxf6+ Bxf6 7. Bxf6 Qxf6 8. Nf3 O-O 9. Qd3 c5 10. O-O-O cxd4 11. Qxd4 Qxd4 12. Nxd4 a6 13. Bd3 e5 14. Nf3 Nc6 15. Rhe1 Bg4 16. Be4 Rad8 17. Rxd8 Rxd8 18. Bxc6 bxc6 19. Nxe5 Re8 20. Re3 Bf5 21. Nxc6 Rxe3 22. fxe3 Be4 23. Nb8 a5 24. g3 Kf8 25. Nd7+ Ke7 26.
Nc5 Bd5 27. b3 Kd6 28. Nd3 g5 29. Kd2 h5 30. Nf2 h4 31. e4 Bc6 32. Ke3 f6 33. gxh4 gxh4 34. Ng4 Ke6 35. Kf4 Be8 36.
c4 a4 37. Ne3 Bd7 38. Nf5 h3 39. c5 Bc8 40. Nd4+ Kd7 41. b4 Ba6 42. b5 Bxb5 43. Nxb5 Kc6 44. Nc3 a3 45. Nb1 Kxc5 46. Nxa3 1-0

[Event "Early-Titled-Tuesday-Blitz-May-28-2024"]
[Site "Chess.com"]
[Date "2024.05.28"]
[Round "6"]
[White "McCarthyStone"]
[Black "SaraBlackPanther"]
[Result "0-1"]
[WhiteElo "2458"]
[BlackElo "2756"]
[TimeControl "180+1"]
[EndTime "9:05:30 PDT"]
[Termination "SaraBlackPanther won by resignation"]

1. b3 b6 2. Bb2 Bb7 3. e3 d6 4. Nf3 Nd7 5. d4 g6 6. Nc3 Bg7 7. h4 Ngf6 8. Qd2 a6 9. O-O-O b5 10. Kb1 c5 11. h5 Nxh5 12. Rxh5 gxh5 13. Nh4 e6 14. g3 d5 15. dxc5 Nxc5 16. Qe2 Qa5 17. Bh3 Bxc3 18. Qxh5 Bxb2 19. Nf5 exf5 20. Kxb2 O-O-O 21. Bxf5+ Kb8 22. Qxf7 Ne4 23. Rd3 Nd6 24. Qf6 Rhf8 25.
Qe5 Rxf5 26. Qd4 Rff8 27. f4 Qc7 0-1

[Event "Early-Titled-Tuesday-Blitz-May-28-2024"]
[Site "Chess.com"]
[Date "2024.05.28"]
[Round "6"]
[White "David_Arutinian"]
[Black "Vesper2018"]
[Result "0-1"]
[WhiteElo "2818"]
[BlackElo "2584"]
[TimeControl "180+1"]
[EndTime "9:05:32 PDT"]
[Termination "Vesper2018 won by resignation"]

1. Nf3 Nf6 2. c4 g6 3. Nc3 Bg7 4. e4 d6 5. d4 O-O 6. Be2 e5 7. O-O Nc6 8. d5 Ne7 9. Ne1 Nd7 10. Be3 f5 11. f3 f4 12. Bf2 g5 13. Rc1 h5 14. Nb5 b6 15. b4 a6 16. Nc3 Nf6 17.
c5 bxc5 18. bxc5 g4 19. cxd6 cxd6 20. Na4 Rb8 21. Rb1 Rxb1 22. Qxb1 Qe8 23. Qb8 Qxa4 24.
Qxd6 Ng6 25. Qc7 gxf3 26. gxf3 Bh3 27. Ng2 Nxe4 28. Bc4 Rc8 29. d6+ Qxc4 30. Qxc4+ Rxc4 31. fxe4 Rxe4 32. Rd1 Nf8 33. Nh4 Nd7 34. a3 Re2 35.
Ng6 Kf7 36. Ne7 e4 37. Rd5 e3 38. Bh4 f3 0-1

[Event "Early-Titled-Tuesday-Blitz-May-28-2024"]
[Site "Chess.com"]
[Date "2024.05.28"]
[Round "6"]
[White "tactic"]
[Black "Resignify"]
[Result "1-0"]
[WhiteElo "2606"]
[BlackElo "2307"]
[TimeControl "180+1"]
[EndTime "9:05:42 PDT"]
[Termination "tactic won by checkmate"]

1. Nf3 Nf6 2. g3 g6 3. Bg2 Bg7 4. c4 O-O 5. O-O c5 6. d4 cxd4 7. Nxd4 Nc6 8. Nc3 Nxd4 9. Qxd4 d6 10. Qd1 a6 11. Be3 Rb8 12. Qd2 b5 13. cxb5 axb5 14. a4 bxa4 15. Rxa4 Bb7 16. Bxb7 Rxb7 17. Rfa1 Qb8 18.
R1a2 Nd7 19. Bh6 Bxh6 20. Qxh6 Rxb2 21. Rh4 Nf6 22. Nd5 Nh5 23. Nxe7+ Kh8 24. Rxb2 Qc7 25. Qxf8# 1-0

[Event "Early-Titled-Tuesday-Blitz-May-28-2024"]
[Site "Chess.com"]
[Date "2024.05.28"]
[Round "6"]
[White "IndianSchoolOfSuffering"]
[Black "MarlonJodar"]
[Result "1-0"]
[WhiteElo "2529"]
[BlackElo "2318"]
[TimeControl "180+1"]
[EndTime "9:05:44 PDT"]
[Termination "IndianSchoolOfSuffering won on time"]

1. e4 e5 2. Nf3 Nc6 3. Bc4 Nf6 4. d3 Be7 5. Nc3 d6 6. a3 O-O 7.
Nd5 Nxd5 8. Bxd5 Kh8 9. O-O f5 10. exf5 Bxf5 11. Be3 Bg4 12. h3 Bh5 13. c3 Bf6 14. g4 Bg6 15. Qd2 Ne7 16. Bxb7 c6 17.
Bxa8 Qxa8 18. g5 c5 19. gxf6 Qxf3 20. fxg7+ Kxg7 21. Bh6+ Kg8 22. Bxf8 Kxf8 23. Qh6+ Kg8 24. Rae1 Nf5 25. Qg5 Qxh3 26. Re3 Nxe3 27. fxe3 Qc8 28.
e4 a5 29. c4 a4 30. Kh2 Qd7 31.
Kg3 Qe8 32. Qf6 Qc8 33. Qxd6 Bh5 34. Rf5 Bg6 35. Rxe5 1-0

[Event "Early-Titled-Tuesday-Blitz-May-28-2024"]
[Site "Chess.com"]
[Date "2024.05.28"]
[Round "6"]
[White "alexrustemov"]
[Black "AlexPapasimakopoulos"]
[Result "1-0"]
[WhiteElo "2833"]
[BlackElo "2627"]
[TimeControl "180+1"]
[EndTime "9:05:47 PDT"]
[Termination "alexrustemov won by resignation"]

1. d4 Nf6 2. c4 e6 3. Nf3 b6 4. a3 d5 5. cxd5 exd5 6. Bg5 Be7 7. Nc3 O-O 8. e3 Nbd7 9. Bd3 Bb7 10. O-O c5 11. Qc2 c4 12. Bf5 h6 13. Bh4 a6 14. a4 Re8 15. b3 Rc8 16. Rfc1 Bb4 17. Bxf6 gxf6 18. bxc4 Rxc4 19. Qb2 Nb8 20. Bd3 a5 21.
Ne2 Rxc1+ 22. Rxc1 Bc6 23. Qb3 Qd7 24. Ra1 b5 25. axb5 Bxb5 26. Bxb5 Qxb5 27. Nf4 Rd8 28. g3 Rd6 29. Nh4 f5 30. Nxf5 Rb6 31. Qxd5 a4 32. Qxb5 Rxb5 33. Rxa4 Bf8 34. g4 Nd7 35. h3 Rb8 36. Kg2 Nf6 37. Kf3 Re8 38. Ra6 Ne4 39. Nxh6+ Bxh6 40. Rxh6 Nd2+ 41. Kg2 Ra8 42. Rf6 Ra2 43. Nd3 Ne4 44. Rf4 Nc3 45. Ne5 Nd1 46. Kg3 Ra7 47. g5 Nc3 48. Kg4 Nd5 49. Rf3 Re7 50. h4 Nc3 51. h5 Ne4 52. Rf4 Nc3 53.
g6 fxg6 54. hxg6 Nd5 55. Rf3 Nc3 56. Rf7 Re6 57. Kf5 Ra6 58. Ng4 1-0

[Event "Early-Titled-Tuesday-Blitz-May-28-2024"]
[Site "Chess.com"]
[Date "2024.05.28"]
[Round "6"]
[White "GM_Huschenbeth"]
[Black "Fraler15"]
[Result "1-0"]
[WhiteElo "2479"]
[BlackElo "2203"]
[TimeControl "180+1"]
[EndTime "9:05:47 PDT"]
[Termination "GM_Huschenbeth won by resignation"]

1. e4 c5 2. Nf3 e6 3. d4 cxd4 4.
c3 dxc3 5. Nxc3 Nc6 6. Bc4 a6 7. O-O Nge7 8. Re1 Ng6 9. Bg5 f6 10. Be3 b5 11. Bb3 Be7 12. h4 O-O 13. Nd5 exd5 14.
exd5 Kh8 15. d6 Nge5 16. Bc5 Bb7 17. Rxe5 fxe5 18. dxe7 Nxe7 19. Nxe5 d5 20. Bc2 Rf6 21. Qh5 g6 22. Qg5 Ng8 23. Bd4 Rc8 24. Nf7+ 1-0

[Event "Early-Titled-Tuesday-Blitz-May-28-2024"]
[Site "Chess.com"]
[Date "2024.05.28"]
[Round "6"]
[White "pirulillo"]
[Black "2Coaches1Profile"]
[Result "1-0"]
[WhiteElo "2390"]
[BlackElo "2576"]
[TimeControl "180+1"]
[EndTime "9:05:49 PDT"]
[Termination "pirulillo won by resignation"]

1. e4 Nf6 2. e5 Nd5 3. d4 d6 4. c4 Nb6 5. exd6 cxd6 6. Nc3 g6 7.
Be3 Bg7 8. Rc1 O-O 9. b3 Bf5 10.
Be2 Nc6 11. d5 Ne5 12. f4 Ned7 13. Nf3 Bg4 14. h3 Bxf3 15. Bxf3 Rc8 16. Bd4 Re8 17. O-O Bxd4+ 18. Qxd4 a6 19. Kh1 Qc7 20. Rce1 Qc5 21. Qd3 Qb4 22. Re3 a5 23. Rfe1 a4 24. Nb5 axb3 25.
axb3 Nc5 26. Qb1 Kf8 27. Qb2 f6 28. Nxd6 Nca4 29. Qa1 Qxd6 30. bxa4 Qxf4 31. Bg4 Rxc4 32. d6 Qxd6 33. Re6 Qd4 34. Qxd4 Rxd4 35. Rxb6 Rxa4 36. Bd7 Rd4 37. Bxe8 Kxe8 38. Rxf6 Rd7 39. Rb6 Kd8 40. Rc1 e5 41. Re6 1-0

[Event "Early-Titled-Tuesday-Blitz-May-28-2024"]
[Site "Chess.com"]
[Date "2024.05.28"]
[Round "6"]
[White "Milop27"]
[Black "Alexchess1984"]
[Result "1-0"]
[WhiteElo "2506"]
[BlackElo "2607"]
[TimeControl "180+1"]
[EndTime "9:05:49 PDT"]
[Termination "Milop27 won by checkmate"]

1. e4 e6 2. d4 d5 3. e5 c5 4. c3 Nc6 5. Nf3 Nh6 6. a3 Nf5 7. b4 cxd4 8. cxd4 Bd7 9. Bb2 Be7 10. Nbd2 O-O 11. Bd3 f6 12. O-O fxe5 13. dxe5 Rc8 14. Nb3 Be8 15. Rc1 Bh5 16. Be2 a6 17. Re1 Qe8 18.
Nc5 Bxc5 19. Rxc5 Qg6 20. Kh1 Bxf3 21. Bxf3 Nh4 22. Rg1 Nxf3 23. gxf3 Qh5 24. Rg3 Rf7 25. Qe2 Rcf8 26. Rc3 Nxe5 27. Re3 Nxf3 28. Rexf3 g6 29. Qxe6 d4 30. Bxd4 Qb5 31. Rxg6+ hxg6 32. Qxg6+ Rg7 33. Qxg7# 1-0

[Event "Early-Titled-Tuesday-Blitz-May-28-2024"]
[Site "Chess.com"]
[Date "2024.05.28"]
[Round "6"]
[White "MaxLeto"]
[Black "Kostya0705"]
[Result "0-1"]
[WhiteElo "2400"]
[BlackElo "2595"]
[TimeControl "180+1"]
[EndTime "9:05:50 PDT"]
[Termination "Kostya0705 won on time"]

1. e4 c5 2. Nf3 e6 3. d4 cxd4 4. Nxd4 Nc6 5. Nc3 Qc7 6. Ndb5 Qb8 7. Be3 a6 8. Nd4 Nf6 9. Bd3 Be7 10. O-O O-O 11. a4 b6 12. Kh1 Bb7 13. f4 d6 14. Nb3 Qc7 15. Qf3 e5 16. Nd5 Nxd5 17.
exd5 Nb4 18. Bxh7+ Kxh7 19. Qe4+ f5 20. Qxb4 Bxd5 21.
Rf2 b5 22. axb5 axb5 23. Qxb5 Bc4 24. Qb6 Qxb6 25. Bxb6 Bxb3 26. Re1 Bd5 27. Rd2 Bc6 28. fxe5 dxe5 29. Rxe5 Ra1+ 30. Bg1 Bg5 31. Rde2 Rd8 32. Re1 Rdd1 33. Bf2 Bd2 0-1

[Event "Early-Titled-Tuesday-Blitz-May-28-2024"]
[Site "Chess.com"]
[Date "2024.05.28"]
[Round "6"]
[White "Witik"]
[Black "vugarrasulov"]
[Result "0-1"]
[WhiteElo "2792"]
[BlackElo "3004"]
[TimeControl "180+1"]
[EndTime "9:05:52 PDT"]
[Termination "vugarrasulov won by resignation"]

1. d4 Nf6 2. Nf3 e6 3. Bf4 d5 4. e3 Bd6 5. Nbd2 Nc6 6. Bb5 O-O 7.
O-O Bd7 8. c3 Qe7 9. Re1 a6 10. Bxc6 Bxc6 11. Ne5 Be8 12. Bg5 Qd8 13. e4 Be7 14. exd5 Nxd5 15. Bxe7 Qxe7 16. Qb3 Rb8 17.
a4 Nf4 18. Qd1 f6 19. Nef3 Bc6 20. Re3 Qf7 21. Nf1 Rbd8 22. Ng3 e5 23. Qc2 exd4 24. cxd4 Nd5 25. Ree1 Qg6 26. Qxg6 hxg6 27. Ne4 Nb4 28.
Re2 Rfe8 29. Rae1 Nd3 0-1

[Event "Early-Titled-Tuesday-Blitz-May-28-2024"]
[Site "Chess.com"]
[Date "2024.05.28"]
[Round "6"]
[White "LLRChess"]
[Black "Budag-Leyla"]
[Result "0-1"]
[WhiteElo "2564"]
[BlackElo "2131"]
[TimeControl "180+1"]
[EndTime "9:05:52 PDT"]
[Termination "Budag-Leyla won by checkmate"]

1. e4 d5 2. exd5 Nf6 3. d4 Nxd5 4.
Nf3 Bg4 5. h3 Bh5 6. Be2 e6 7. O-O Nc6 8. c4 Nb6 9. Nc3 Be7 10. b3 Bxf3 11. Bxf3 Nxd4 12. Bxb7 Rb8 13. Be4 O-O 14. Bb2 Bf6 15. Kh1 Qe7 16. Re1 Rbd8 17. Qb1 h6 18. a4 Nxb3 19. Ba3 Nc5 20. Qb4 Bxc3 21. Qxc3 Nxe4 22. Rxe4 c5 23. a5 Nd7 24.
Bb2 Nf6 25. Re3 Rd4 26. Qc2 Rfd8 27. Bxd4 cxd4 28. Rb3 e5 29. c5 e4 30. c6 d3 31.
Qd2 Qc7 32. Rc1 Nd5 33. Rb7 Qe5 34. c7 Rc8 35. Rb5 Qd6 36. Rbc5 Rxc7 37. Rxc7 Nxc7 38.
Qc3 Ne6 39. Rd1 Qf4 40. Qe1 Ng5 41. Qe3 Qf5 42. Qxa7 Nxh3 43. Rd2 Nf4 44. a6 Qh5+ 45. Kg1 Ne2+ 46. Rxe2 Qxe2 47. Qb8+ Kh7 48. a7 d2 49.
a8=Q d1=Q+ 50. Kh2 Qh5+ 51. Kg3 Qdg4# 0-1

[Event "Early-Titled-Tuesday-Blitz-May-28-2024"]
[Site "Chess.com"]
[Date "2024.05.28"]
[Round "6"]
[White "Balla_Tamas"]
[Black "ZachHKL"]
[Result "0-1"]
[WhiteElo "2467"]
[BlackElo "2354"]
[TimeControl "180+1"]
[EndTime "9:05:53 PDT"]
[Termination "ZachHKL won by resignation"]

1. Nf3 d5 2. b3 Nf6 3. Bb2 g6 4. e3 Bg7 5. c4 c6 6. Nc3 O-O 7.
d4 Bf5 8. Bd3 Bxd3 9. Qxd3 Nbd7 10. O-O e6 11. e4 dxe4 12. Nxe4 Nxe4 13. Qxe4 c5 14. Rad1 Qc7 15. Qe2 cxd4 16. Nxd4 a6 17. Ba3 Rfe8 18. Rfe1 Rad8 19. Qf3 Ne5 20. Qe4 Nc6 21. Nf3 f5 22. Qh4 e5 23. h3 e4 24. Bd6 Rxd6 25. Ng5 h6 26. Qg3 Rxd1 27. Qxc7 Rxe1+ 28. Kh2 Be5+ 0-1

[Event "Early-Titled-Tuesday-Blitz-May-28-2024"]
[Site "Chess.com"]
[Date "2024.05.28"]
[Round "6"]
[White "Daaksboy"]
[Black "alreadybroken23"]
[Result "1-0"]
[WhiteElo "2478"]
[BlackElo "2601"]
[TimeControl "180+1"]
[EndTime "9:05:54 PDT"]
[Termination "Daaksboy won by resignation"]

1. d4 Nf6 2. c4 g6 3. Nc3 Bg7 4.
e4 d6 5. Be2 O-O 6. h4 c5 7. d5 e6 8. h5 exd5 9. exd5 Re8 10. h6 Bh8 11. Bg5 Qb6 12. b3 Ng4 13. Rc1 Bd4 14. Nh3 Qa5 15. Bd2 Qd8 16. Kf1 Qd7 17.
Bf3 Qf5 18. Nb5 Be5 19. Nc7 Nh2+ 20. Rxh2 Bxh2 21. Nxe8 Na6 22. Bc3 Be5 23. Bxe5 Qxe5 24. Qe2 Bxh3 25. Qxe5 dxe5 26. Nf6+ Kf8 27. gxh3 Ke7 28.
Ne4 f5 29. d6+ Ke6 30. Ng5+ Kxd6 31. Bxb7 1-0

[Event "Early-Titled-Tuesday-Blitz-May-28-2024"]
[Site "Chess.com"]
[Date "2024.05.28"]
[Round "6"]
[White "SmirnovAlexandrA"]
[Black "patzer-reloaded"]
[Result "1-0"]
[WhiteElo "2647"]
[BlackElo "2480"]
[TimeControl "180+1"]
[EndTime "9:05:56 PDT"]
[Termination "SmirnovAlexandrA won on time"]

1. e4 d6 2. d4 Nf6 3. Nc3 g6 4. Bg5 h6 5. Bh4 c6 6. Qd2 Bg7 7.
f4 O-O 8. Nf3 Bg4 9. Be2 d5 10.
Bxf6 exf6 11. exd5 cxd5 12. h3 Bxf3 13. Bxf3 Re8+ 14.
Kf2 f5 15. Nxd5 Nc6 16. c3 Qa5 17. b4 Qd8 18. Rhe1 Qh4+ 19. g3 Rxe1 20. gxh4 Rxa1 21. Qb2 Nxb4 22. Qxa1 Nd3+ 23. Ke3 1-0

[Event "Early-Titled-Tuesday-Blitz-May-28-2024"]
[Site "Chess.com"]
[Date "2024.05.28"]
[Round "6"]
[White "Kildepiotr"]
[Black "Matols"]
[Result "1-0"]
[WhiteElo "2746"]
[BlackElo "2391"]
[TimeControl "180+1"]
[EndTime "9:05:57 PDT"]
[Termination "Kildepiotr won on time"]

1. Nf3 d5 2. g3 Nf6 3. Bg2 e6 4. O-O Be7 5. d3 O-O 6. Nbd2 c5 7. e4 Nc6 8. Re1 b5 9. e5 Nd7 10. Nf1 a5 11. h4 b4 12. h5 a4 13. h6 g6 14. a3 bxa3 15. bxa3 Rb8 16. N1h2 Nd4 17. Ng4 Nf5 18. Bf4 Rb2 19. Qc1 Qb6 20. Bg5 Bxg5 21. Qxg5 Rxc2 22. Bh3 c4 23. d4 Qd8 24. Qf4 Ba6 25. Rab1 c3 26. Ne3 Nxe3 27. Rxe3 Rb2 28. Rc1 c2 29. Rc3 Nb6 30. R1xc2 Rxc2 31. Rxc2 Nc4 32. Rc3 Qe7 33. Kh2 Rb8 34. Ne1 Rb2 35. Nd3 Rb1 36. Nc5 Bb5 37. Rf3 Rb2 38. Bxe6 fxe6 39. Nxe6 1-0

[Event "Early-Titled-Tuesday-Blitz-May-28-2024"]
[Site "Chess.com"]
[Date "2024.05.28"]
[Round "6"]
[White "noblerone"]
[Black "salomez"]
[Result "0-1"]
[WhiteElo "2517"]
[BlackElo "2342"]
[TimeControl "180+1"]
[EndTime "9:05:59 PDT"]
[Termination "salomez won by resignation"]

1. d4 Nf6 2. Nf3 g6 3. Bg5 Bg7 4. Nbd2 d5 5. e3 O-O 6. Be2 b6 7. O-O Ba6 8. Bxa6 Nxa6 9. Ne5 Nb8 10. Qe2 c6 11. a4 Qc8 12. a5 b5 13. Nb3 Nbd7 14.
Nxd7 Qxd7 15. Nc5 Qc8 16. b3 Re8 17. f4 Ne4 18. Nxe4 dxe4 19. c4 c5 20. Rad1 bxc4 21.
bxc4 Qc7 22. d5 Qxa5 23. f5 Rab8 24. f6 exf6 25. Bxf6 Bxf6 26. Rxf6 Qc3 27. d6 Qxf6 0-1

[Event "Early-Titled-Tuesday-Blitz-May-28-2024"]
[Site "Chess.com"]
[Date "2024.05.28"]
[Round "6"]
[White "Chessbard1972"]
[Black "jamesaltucher"]
[Result "1-0"]
[WhiteElo "2411"]
[BlackElo "2060"]
[TimeControl "180+1"]
[EndTime "9:06:00 PDT"]
[Termination "Chessbard1972 won on time"]

1. e4 e6 2. d4 d5 3. e5 Bd7 4. Nf3 a6 5. a4 c5 6. dxc5 Bxc5 7. Bd3 Nc6 8. c3 Qc7 9. Bf4 Nge7 10. Bg3 Ng6 11. Qe2 Ba7 12. O-O Bb8 13. Re1 O-O 14.
Nbd2 Ba7 15. h4 d4 16. h5 Nge7 17. cxd4 Nxd4 18. Nxd4 Bxd4 19. Nf3 Ba7 20. h6 g6 21. Qd2 f6 22. Bh4 Nd5 23. Rac1 Qd8 24. b3 Rc8 25. exf6 Nxf6 26. Ne5 Rxc1 27. Qxc1 Qe7 28.
Ng4 Rc8 29. Nxf6+ Kf7 30. Qf4 1-0

[Event "Early-Titled-Tuesday-Blitz-May-28-2024"]
[Site "Chess.com"]
[Date "2024.05.28"]
[Round "6"]
[White "wonderfultime"]
[Black "Meri-Arabidze"]
[Result "1-0"]
[WhiteElo "3014"]
[BlackElo "2684"]
[TimeControl "180+1"]
[EndTime "9:06:01 PDT"]
[Termination "wonderfultime won on time"]

1. d4 Nf6 2. Nf3 e6 3. Bf4 c5 4.
e3 d5 5. c3 Nc6 6. Nbd2 Bd6 7.
Bg3 O-O 8. Bb5 a6 9. Bxc6 bxc6 10. Qa4 cxd4 11. cxd4 a5 12. O-O Ba6 13. Rfc1 Bb5 14. Qc2 a4 15. Ne5 Rc8 16. Nd3 Bxg3 17. hxg3 Ng4 18.
Nf3 Qf6 19. Nc5 Qh6 20. Nxa4 f6 21. Nc5 e5 22. Qf5 Qg6 23. Nh4 Qxf5 24. Nxf5 Ra8 25. a4 Ba6 26. Ne7+ Kh8 27. Nxc6 exd4 28. Nxd4 Ne5 29.
b4 Bc4 30. b5 Rfb8 31. Rcb1 Rc8 32. Nb7 Bd3 33. Rb4 Rc7 34. Nd6 Rd8 35. b6 Rcd7 36. b7 Rb8 37. Rc1 Rxd6 38. Rc8+ Rd8 39. Rxd8+ Rxd8 40. b8=Q 1-0

[Event "Early-Titled-Tuesday-Blitz-May-28-2024"]
[Site "Chess.com"]
[Date "2024.05.28"]
[Round "6"]
[White "HowTo2Draw"]
[Black "Alex_Sahakyan2006"]
[Result "0-1"]
[WhiteElo "2569"]
[BlackElo "2840"]
[TimeControl "180+1"]
[EndTime "9:06:04 PDT"]
[Termination "Alex_Sahakyan2006 won by checkmate"]

1. c4 Nf6 2. Nf3 g6 3. b3 Bg7 4. Bb2 O-O 5. g3 c5 6. Bg2 Nc6 7. d4 cxd4 8. Nxd4 d6 9. Nxc6 bxc6 10. Bxc6 Bh3 11. Bxa8 Qxa8 12. f3 Rc8 13. Nc3 Qb7 14. Qd2 h5 15. Nd5 e5 16. Nxf6+ Bxf6 17. Kf2 Qb6+ 18. e3 Bg5 19. Rad1 d5 20. Bxe5 dxc4 21.
Rc1 Rd8 22. Bd4 Qb7 23. Rxc4 Bg4 24. Qe2 Be6 25. Rc5 Be7 26. Rc3 h4 27. Rhc1 Bd6 28.
Rd1 Qb8 29. Bf6 Bxg3+ 30. hxg3 Qxg3+ 31. Kf1 Bh3+ 32. Qg2 Qxg2+ 33. Ke1 Qf1# 0-1

[Event "Early-Titled-Tuesday-Blitz-May-28-2024"]
[Site "Chess.com"]
[Date "2024.05.28"]
[Round "6"]
[White "ClauAmura"]
[Black "enriquebutti"]
[Result "1-0"]
[WhiteElo "2416"]
[BlackElo "2103"]
[TimeControl "180+1"]
[EndTime "9:06:04 PDT"]
[Termination "ClauAmura won by resignation"]

1. d4 d5 2. Bg5 c6 3. e3 Qb6 4.
b3 h6 5. Bh4 e5 6. c3 e4 7. Nd2 Be7 8. Bxe7 Nxe7 9. f4 exf3 10.
Ngxf3 O-O 11. Bd3 Bf5 12. e4 dxe4 13. Nxe4 Nd7 14. O-O c5 15. Kh1 cxd4 16. Nxd4 Bxe4 17. Bxe4 Nf6 18. Bc2 Rad8 19. Qf3 Nfd5 20. Qe4 g6 21. c4 Nb4 22. Qxe7 Rxd4 23. Bxg6 Qxg6 24. Qxb4 b6 25. Rf2 Rfd8 26. Raf1 Rd1 27. Qe7 R8d7 28.
Qe8+ Kg7 29. Qe2 Rxf1+ 30. Rxf1 f6 31. h3 Rd3 32. Qe7+ Qf7 33. Qxf7+ Kxf7 34. Rf2 Ke6 35. Re2+ Kd6 36. Kh2 1-0

[Event "Early-Titled-Tuesday-Blitz-May-28-2024"]
[Site "Chess.com"]
[Date "2024.05.28"]
[Round "6"]
[White "NikitaShnadrygin"]
[Black "Kumi29"]
[Result "0-1"]
[WhiteElo "2774"]
[BlackElo "2582"]
[TimeControl "180+1"]
[EndTime "9:06:05 PDT"]
[Termination "Kumi29 won by resignation"]

1. e4 e5 2. Nc3 Nf6 3. f4 d5 4. fxe5 Nxe4 5. Qf3 f5 6. d3 Nxc3 7. bxc3 d4 8. Qg3 Nc6 9. Be2 dxc3 10. Bh5+ g6 11.
Bxg6+ hxg6 12. Qxg6+ Kd7 13. Qxf5+ Ke8 14. Qg6+ Kd7 15.
e6+ Kd6 16. e7+ Kxe7 17. Bg5+ Kd7 18. Qf5+ Kd6 19. Bxd8 Bxf5 20. Bf6 Re8+ 21. Kf1 Rg8 22. Bxc3 Bg7 23. Bxg7 Rxg7 24. Nf3 Bg4 25. Kf2 Bxf3 26. gxf3 Rf7 27. Rae1 Ref8 28. Re3 Nd4 29. c3 Nxf3 30. Ke2 Ne5 31. Kd2 Rf2+ 32. Re2 Rxe2+ 33. Kxe2 Ke6 34. h4 Ng4 35. Rg1 Nf6 36. Rg7 Kd6 37. Rg6 Ke6 38. Rg7 Rf7 39. Rg1 Rh7 40. Rh1 Ke5 41.
Kf3 Kf5 42. c4 c5 43. a4 b6 44. a5 Rd7 45. Ke2 Nh5 46. Rf1+ Nf4+ 47. Ke3 Rxd3+ 48.
Kf2 Rh3 49. axb6 axb6 50. Rb1 Rxh4 51. Ke3 Ke5 52. Kd2 Kd4 53. Rxb6 Kxc4 54. Ke3 Nd5+ 0-1

[Event "Early-Titled-Tuesday-Blitz-May-28-2024"]
[Site "Chess.com"]
[Date "2024.05.28"]
[Round "6"]
[White "Shivananda1964"]
[Black "luachess1"]
[Result "1-0"]
[WhiteElo "2405"]
[BlackElo "1730"]
[TimeControl "180+1"]
[EndTime "9:06:08 PDT"]
[Termination "Shivananda1964 won by resignation"]

1. e4 c5 2. Nf3 Nc6 3. Bb5 e6 4. c3 Be7 5. O-O d6 6. d4 cxd4 7. cxd4 Bd7 8. d5 exd5 9. exd5 Ne5 10. Bxd7+ Qxd7 11. Re1 Bf6 12. Nxe5 dxe5 13. f4 O-O-O 14. fxe5 Bh4 15. g3 Be7 16. Nc3 Bb4 17. Bf4 Bxc3 18. Rc1 b6 19. Rxc3+ Kb7 20. d6 Rc8 21. Qd5+ Kb8 22.
Rxc8+ Qxc8 23. d7 Qd8 24. e6+ 1-0

[Event "Early-Titled-Tuesday-Blitz-May-28-2024"]
[Site "Chess.com"]
[Date "2024.05.28"]
[Round "6"]
[White "Ramosha"]
[Black "RobertoJBM"]
[Result "1-0"]
[WhiteElo "2562"]
[BlackElo "2773"]
[TimeControl "180+1"]
[EndTime "9:06:10 PDT"]
[Termination "Ramosha won on time"]

1. e4 c6 2. Nf3 d5 3. exd5 cxd5 4.
Ne5 Nc6 5. Bb5 Bd7 6. Nxd7 Qxd7 7. d4 e6 8. c3 Bd6 9. Nd2 Nf6 10. O-O O-O 11.
Qe2 a6 12. Bd3 b5 13. f4 Rfe8 14. Nf3 Qc7 15. Ne5 g6 16. g4 Ne7 17. Bd2 Nd7 18.
h4 Nb6 19. h5 Nc4 20. Bc1 Nc6 21. b3 Nb6 22. Bd2 gxh5 23. gxh5 f6 24. Ng4 Kh8 25. Kh1 Qf7 26. Rf2 f5 27. Ne5 Nxe5 28. fxe5 Be7 29.
Rg2 Rg8 30. Rag1 Rxg2 31. Rxg2 Rg8 32. h6 Rxg2 33. Qxg2 Qh5+ 34. Kg1 Qg6 35. Bf4 Bf8 36. Be2 Qxg2+ 37. Kxg2 Kg8 38. Bh5 Ba3 39. Bg5 Bb2 40.
Bd8 Nd7 41. Ba5 Bc1 42. Be8 Nf8 43. Bc6 Bxh6 44. Bb7 Ng6 45. Bxa6 Nf4+ 46. Kf3 Nh3 47. Bxb5 Ng5+ 48. Kg2 Bf8 49. c4 Kf7 50. c5 Ne4 51.
Be1 Bh6 52. a4 Ke7 53. a5 Kd8 54. a6 Kc7 55. Ba5+ Kb8 56. Bb6 Be3 57. a7+ 1-0

[Event "Early-Titled-Tuesday-Blitz-May-28-2024"]
[Site "Chess.com"]
[Date "2024.05.28"]
[Round "6"]
[White "Giantgoogachess"]
[Black "bazar-wokzal"]
[Result "1/2-1/2"]
[WhiteElo "2373"]
[BlackElo "2584"]
[TimeControl "180+1"]
[EndTime "9:06:12 PDT"]
[Termination "Game drawn by repetition"]

1. d4 Nf6 2. c4 Nc6 3. Nf3 e6 4. a3 g6 5. Nc3 Bg7 6. e4 d6 7. Be2 e5 8. d5 Ne7 9. O-O O-O 10. Ne1 Kh8 11. Nd3 Nfg8 12. b4 f5 13. f3 Bh6 14.
c5 Bxc1 15. Qxc1 f4 16. cxd6 cxd6 17. Kh1 Nf6 18. Nb5 g5 19. Qc7 Qxc7 20. Nxc7 Rb8 21. Nb5 Ne8 22. Nxa7 Bd7 23. Nb2 h5 24. Rfc1 g4 25.
Bb5 Rd8 26. Bxd7 Rxd7 27. Nc8 gxf3 28. gxf3 Ng6 29. a4 Nh4 30. Rc3 Nf6 31. Nb6 Rg7 32. N2c4 Ne8 33. Nc8 Rc7 34. N8b6 Rg8 35. Rg1 Rcg7 36.
Rxg7 Rxg7 37. Nc8 Rc7 38. N8b6 Rg7 39. Nc8 Rc7 40. N8b6 Rg7 1/2-1/2